Map: King Sejong Station LE

Players

ThisGameSuck - Winner!

  • Race: Protoss Protoss
  • League: Grandmaster

Eery

  • Race: Terran Terran
  • League: Master

VOD

Have the link to the VOD?

Description

Time

  • Played on: June 29, 2016, 2:08 p.m.
  • Length: 7:12
Show
View Real Time Build Order
Export as new Build Order

ThisGameSuck Protoss - Winner!

Build Orders: 1 Gate Expand 

Get SALT Encoding   

  12  0:01  Probe (Chrono Boost)  
  13  0:11  Probe (Chrono Boost)  
  14  0:18  Pylon  
  14  0:22  Probe (Chrono Boost)  
  15  0:36  Gateway, Probe (Chrono Boost)  
  16  0:47  Probe (Chrono Boost)  
  16  0:48  Assimilator  
  17  0:57  Probe (Chrono Boost)  
  18  1:08  Probe (Chrono Boost)  
  19  1:18  Nexus  
  19  1:28  Cybernetics Core  
  19  1:31  Probe (Chrono Boost)  
  20  1:38  Assimilator  
  20  1:42  Probe (Chrono Boost)  
  21  1:50  Pylon  
  21  1:53  Probe (Chrono Boost)  
  24  2:09  Mothership Core (Chrono Boost)  
  24  2:14  Warp Gate (Chrono Boost)  
  24  2:20  Adept  
  26  2:27  Probe (Chrono Boost)  
  27  2:31  Probe (Chrono Boost)  
  28  2:37  Probe  
  28  2:39  Robotics Facility  
  28  2:41  Probe  
  30  2:49  Probe  
  31  2:51  Probe  
  32  3:02  Probe x2  
  32  3:11  Gateway  
  32  3:12  Gateway, Probe  
  32  3:14  Probe  
  34  3:23  Probe  
  34  3:26  Probe  
  36  3:28  Observer (Chrono Boost)  
  36  3:35  Probe  
  36  3:38  Probe  
  36  3:39  Pylon  
  38  3:47  Immortal, Probe  
  39  3:50  Probe  
  43  4:01  Pylon  
  41  4:11  Adept x2  
  41  4:12  Adept  
  40  4:34  Sentry  
  40  4:35  Adept  
  40  4:37  Stalker  
  41  4:46  Immortal (Chrono Boost)  
  41  4:57  Stalker  
  41  5:02  Adept  
  44  5:07  Sentry  
  45  5:18  Probe  
  45  5:20  Pylon  
  46  5:38  Probe  
  46  5:41  Stalker x2  
  46  5:42  Stalker  
  53  6:07  Pylon, Probe  
  40  6:30  Stalker x3  
  40  6:48  Probe x2  
  42  7:01  Stalker x3  
Show
View Real Time Build Order
Export as new Build Order

Eery Terran 

Build Orders: Liberator Opening 

Get SALT Encoding   

  12  0:01  SCV  
  13  0:13  SCV  
  14  0:18  Supply Depot  
  14  0:25  SCV  
  15  0:28  Refinery  
  15  0:39  SCV  
  16  0:44  Barracks  
  16  0:51  SCV  
  17  1:04  SCV  
  18  1:16  SCV  
  19  1:32  Factory  
  19  1:33  Marine, Orbital Command  
  20  1:46  Supply Depot  
  20  1:52  Refinery  
  20  1:53  Barracks Reactor  
  20  1:59  SCV  
  21  2:06  Barracks  
  21  2:12  SCV  
  21  2:15  Widow Mine  
  24  2:21  Supply Depot  
  24  2:24  SCV  
  25  2:31  Marine x2  
  25  2:36  SCV  
  28  2:46  Factory Tech Lab  
  28  2:50  Starport  
  28  2:54  Marine  
  31  3:03  Supply Depot  
  29  3:05  Siege Tank  
  29  3:06  Marine  
  29  3:09  Marine  
  34  3:13  Marine  
  35  3:24  Marine  
  35  3:26  Medivac  
  38  3:31  Marine  
  40  3:39  Engineering Bay  
  40  3:43  Siege Tank  
  40  3:44  Marine  
  40  3:47  Liberator  
  43  3:50  Marine  
  43  3:52  Marine  
  45  4:02  Bunker  
  45  4:09  Marine  
  46  4:22  Marine  
  47  4:29  Marine, Siege Tank  
  47  4:32  Missile Turret  
  47  4:45  Supply Depot  
  47  4:49  Marine x2  
  47  4:51  Marine  
  39  5:01  Siege Tank  
  39  5:07  Marine x2  
  42  5:09  Marine  
  42  5:13  Liberator  
  45  5:24  Marine  
  45  5:25  Marine  
  45  5:30  Marine  
  45  5:34  Supply Depot  
  49  5:42  Marine  
  48  5:43  Marine  
  48  5:46  Bunker  
  48  5:48  Marine  
  51  5:55  Liberator  
  51  6:00  Marine  
  51  6:03  Marine  
  53  6:10  Marine  
  42  6:32  Marine  
  42  6:37  Widow Mine  
  42  6:38  Marine  
  40  6:43  Marine  
  40  6:50  Marine  
Tags
 
Add a new tag
Caveats
  • Supply blocks, unpowered buildings, or Contaminate may cause inaccurate times.
  • Supply counts are checked every 10 seconds.